 Dungeon Crawl Stone Soup version 0.28-a0-384-g9e0c098162 (webtiles) character file.

Game seed: 6747241702265051623

3740 dolemite99 the Slicer (level 9, -12/61 HPs)
             Began as a Demonspawn Gladiator on Sept 3, 2021.
             Was a Priest of Wu Jian.
             Mangled by a boulder beetle (26 damage)
             ... on level 8 of the Dungeon.
             The game lasted 00:14:05 (13167 turns).

dolemite99 the Slicer (Demonspawn Gladiator)       Turns: 13167, Time: 00:14:06

Health: -12/61     AC: 22    Str: 18    XL:     9   Next: 93%
Magic:  9/9        EV:  8    Int: 10    God:    Wu Jian [***...]
Gold:   463        SH:  5    Dex: 14    Spells: 8/8 levels left

rFire   . . .      SeeInvis .   a - +5 rapier
rCold   . . .      Faith    .   (no shield)
rNeg    . . .      Spirit   .   i - +0 chain mail
rPois   +          Reflect  +   m - +0 helmet
rElec   .          Harm     .   H - +0 cloak
rCorr   .          Rampage  .   E - +2 pair of gloves
Will    .....                   w - +0 pair of boots
Stlth   ..........              j - amulet of reflection
HPRegen 0.20/turn               (no ring)
MPRegen 0.11/turn               (no ring)

@: no status effects
A: claws 1, slimy green scales 3, demonic guardian 1
a: Renounce Religion, Wall Jump, Serpent's Lash


You were on level 8 of the Dungeon.
You worshipped Wu Jian.
Wu Jian was most pleased with you.
You visited 1 branch of the dungeon, and saw 8 of its levels.
You also visited: Bailey.

You collected 463 gold pieces.

Inventory:

Hand Weapons
 a - a +5 rapier (weapon)
 b - a +0 shortbow
 p - a +2 short sword of flaming
Missiles
 d - 3 throwing nets
 e - 87 sling bullets
 l - 49 arrows
 s - 226 stones
 x - a javelin
 B - 15 bolts
 D - 6 poisoned darts (quivered)
 F - 6 boomerangs
Armour
 i - a +0 chain mail (worn)
 m - a +0 helmet (worn)
 w - a +0 pair of boots (worn)
 E - a +2 pair of gloves (worn)
 H - a +0 cloak (worn)
Magical Staves
 k - a staff of air
Jewellery
 f - a ring of resist corrosion
 h - a ring of ice
 j - an amulet of reflection (around neck)
 A - an amulet of faith
 C - an amulet of magic regeneration
Wands
 y - a wand of polymorph (9)
 z - a wand of flame (23)
 G - a wand of paralysis (13)
Scrolls
 n - a scroll of noise
 o - 4 scrolls of teleportation
 q - a scroll of torment
 u - a scroll of fog
 v - 2 scrolls of magic mapping
Potions
 c - 4 potions of attraction
 g - a potion of curing
 r - a potion of magic


   Skills:
 - Level 2.0 Fighting
 - Level 10.4 Short Blades
 - Level 1.7 Throwing
 + Level 8.3 Armour
 - Level 2.6 Dodging


You had 8 spell levels left.
You didn't know any spells.
Your spell library contained the following spells:

 Spells                   Type           Power      Damage    Failure   Level
 Foxfire                  Conj/Fire      0%         2x1d4     98%         1
 Sublimation of Blood     Necr           0%         N/A       99%         2
 Conjure Flame            Conj/Fire      0%         6-21      100%        3
 Gell's Gravitas          Tloc           0%         N/A       100%        3
 Ignite Poison            Fire/Tmut/Pois 0%         N/A       100%        3
 Inner Flame              Hex/Fire       0%         N/A       100%        3
 Teleport Other           Tloc           0%         N/A       100%        3
 Petrify                  Tmut/Erth      0%         N/A       100%        4
 Sticky Flame             Conj/Fire      0%         2d3       100%        4
 Irradiate                Conj/Tmut      0%         3d14      100%        5
 Dispersal                Tloc           0%         N/A       100%        6


Dungeon Overview and Level Annotations

Branches:
Dungeon (8/15)             Temple (0/1) D:6          Bailey (visited)
   Lair: D:8-11

Altars:
Cheibriados
Dithmenos
Vehumet
Wu Jian
Yredelemnul
The Shining One


Innate Abilities, Weirdness & Mutations

You have sharp fingernails.
You are completely covered in slimy green scales. (AC +4, rPois)
A weak demonic guardian rushes to your aid.


Message History

Aim: a boulder beetle (lightly wounded, rolling, very poisoned, 89% to hit)
You throw a poisoned dart.
The poisoned dart completely misses the boulder beetle.
Throw: 8 darts (poison)
Press: ? - help, Q - select action, (/) - cycle Shift-Dir - straight line, f/p - boulder beetle
Aim: a boulder beetle (lightly wounded, rolling, very poisoned, 89% to hit)
You throw a poisoned dart.
The poisoned dart hits the boulder beetle.
The boulder beetle is lightly wounded.
The boulder beetle hits you!!!
Ouch! That really hurt!
* * * LOW HITPOINT WARNING * * *
A demonic guardian appears!
The boulder beetle stops rolling and uncurls.
Throw: 7 darts (poison)
Press: ? - help, Q - select action, (/) - cycle Shift-Dir - straight line, f/p - boulder beetle
Aim: a boulder beetle (lightly wounded, very poisoned, ally target, 89% to hit)
You throw a poisoned dart.
The poisoned dart hits the boulder beetle.
The boulder beetle looks even sicker.
The boulder beetle is lightly wounded.
The boulder beetle bites you but does no damage.
You hit the boulder beetle but do no damage.
The boulder beetle is moderately wounded.
The boulder beetle bites you.
* * * LOW HITPOINT WARNING * * *
You swap places.
You spin and attack the boulder beetle repeatedly.
You hit the boulder beetle.
The boulder beetle is moderately wounded.
You hit the boulder beetle.
The boulder beetle is moderately wounded.
Your shadow imp hits the boulder beetle but does no damage.
The boulder beetle bites you but does no damage.
There is a stone staircase leading up here.
Your shadow imp hits the boulder beetle but does no damage.
The boulder beetle curls into a ball and begins rolling!
Your shadow imp hits the boulder beetle but does no damage.
The boulder beetle hits you!!
You die...

♣P..♣ ♣...♣ ♣...♣♣♣..##<.........
♣P..♣ ♣...♣ ♣P.P♣ ♣P.##..........
♣...♣♣♣...♣♣♣...♣♣♣.........#...=
.P...P....P.P...P.P....##........
.....................#......8....
.....>............(.(..(.8.....8.
.).......#.##..##.<°#((..........
#..#####.#.###.###5...#..........
##..# #...÷....@B.....8....∩....
#### ##.###....................
#........................
#######.......#..8.....8.
##......#.....8....
#........##.#.....
..................
#.................. ..........


You could see a boulder beetle (rolling, very poisoned, ally target) and a
friendly shadow imp (summoned).

Vanquished Creatures
  2 slime creatures
  A wyvern (D:8)
  3 vampire mosquitoes (D:7)
  A steam dragon (D:7)
  An acid dragon (D:7)
  A water moccasin (D:6)
  3 sky beasts
  3 necrophages (D:7)
  An ogre (D:6)
  A black bear (D:6)
  A centaur (D:6)
  2 kobold brigands
  A gnoll sergeant (D:4)
  2 bullfrogs
  A scorpion (D:5)
  3 killer bees (D:7)
  2 howler monkeys (D:5)
  5 jellies
  A bullfrog zombie (D:4)
  A centaur zombie (D:5)
  A hound (D:5)
  A centaur skeleton (D:6)
  Crazy Yiuf (D:7)
  6 iguanas
  4 orc wizards
  A howler monkey zombie (D:6)
  Robin (D:3)
  3 gnolls (D:4)
  9 adders
  A shadow imp (D:7)
  An ufetubus (D:6)
  A worm (D:2)
  2 dart slugs
  7 orcs
  9 endoplasms
  A giant cockroach (D:4)
  6 goblins
  12 hobgoblins
  5 jackals
  2 quokkas
  5 ball pythons
  2 bats
  2 frilled lizards
  20 kobolds
  7 rats
146 creatures vanquished.

Vanquished Creatures (collateral kills)
  A vampire mosquito (D:7)
  A black bear (D:4)
  An ogre (D:4)
  A centaur zombie (D:5)
  2 orcs (D:8)
  A kobold (D:8)
7 creatures vanquished.

Vanquished Creatures (others)
  8 fungi (D:5)
  60 plants
  15 toadstools
83 creatures vanquished.

Grand Total: 236 creatures vanquished

Notes
Turn   | Place    | Note
-------+----------+-------------------------------------------
     0 | D:1      | dolemite99 the Demonspawn Gladiator began the quest for the
                  | Orb.
     0 | D:1      | Reached XP level 1. HP: 16/16 MP: 1/1
   427 | D:1      | Reached skill level 3 in Short Blades
   552 | D:1      | Gained mutation: A weak demonic guardian rushes to your
                  | aid. [demonic ancestry]
   552 | D:1      | Reached XP level 2. HP: 20/22 MP: 2/2
   810 | D:1      | Found a faded altar of an unknown god.
   815 | D:1      | Became a worshipper of the Wu Jian Council
   815 | D:1      | Reached * piety under Wu Jian
   960 | D:2      | You fall into a shaft and drop 1 floor!
  1117 | D:2      | Gained mutation: You are partially covered in slimy green
                  | scales. (AC +2) [demonic ancestry]
  1117 | D:2      | Reached XP level 3. HP: 27/27 MP: 3/3
  1135 | D:2      | Reached skill level 4 in Short Blades
  2144 | D:3      | Noticed Robin
  2170 | D:3      | Killed Robin
  2171 | D:3      | Gained mutation: You are mostly covered in slimy green
                  | scales. (AC +3) [demonic ancestry]
  2171 | D:3      | Reached XP level 4. HP: 29/33 MP: 4/4
  2424 | D:3      | Reached ** piety under Wu Jian
  2639 | D:3      | Reached skill level 5 in Short Blades
  2919 | D:4      | Noticed a black bear
  2929 | D:4      | Killed a black bear
  2930 | D:4      | Reached XP level 5. HP: 23/38 MP: 5/5
  3127 | D:4      | Reached skill level 6 in Short Blades
  3339 | D:4      | Found a radiant altar of Vehumet.
  3810 | D:4      | Reached XP level 6. HP: 18/44 MP: 6/6
  4498 | D:4      | Reached skill level 7 in Short Blades
  5095 | D:4      | Found a snail-covered altar of Cheibriados.
  5248 | D:5      | Entered Level 5 of the Dungeon
  5266 | D:5      | Noticed a sky beast
  5281 | D:5      | Killed a sky beast
  5282 | D:5      | Reached XP level 7. HP: 33/50 MP: 7/7
  5540 | D:5      | Reached skill level 8 in Short Blades
  5782 | D:5      | Found a basalt altar of Yredelemnul.
  6142 | D:4      | HP: 2/50 [poisoned by a kobold brigand]
  6904 | D:5      | Reached skill level 9 in Short Blades
  6904 | D:5      | Gained mutation: You have sharp fingernails. [demonic
                  | ancestry]
  6904 | D:5      | Reached XP level 8. HP: 45/56 MP: 8/8
  7487 | D:5      | Noticed a slime creature
  7488 | D:5      | Noticed a slime creature
  7960 | D:6      | Found a staircase to the Ecumenical Temple.
  8335 | D:6      | Reached skill level 10 in Short Blades
  8530 | D:6      | Noticed a manticore
  8850 | D:4      | Killed a slime creature
  9616 | D:5      | Killed a slime creature
  9617 | D:5      | Gained mutation: You are completely covered in slimy green
                  | scales. (AC +4, rPois) [demonic ancestry]
  9617 | D:5      | Reached XP level 9. HP: 27/61 MP: 9/9
 10151 | D:7      | Found a shadowy altar of Dithmenos.
 10420 | D:7      | Reached skill level 5 in Armour
 10857 | D:7      | Found a runed translucent door.
 10858 | D:7      | Noticed Crazy Yiuf
 10913 | D:7      | Reached *** piety under Wu Jian
 11466 | D:7      | You fall into a shaft and drop 1 floor!
 11467 | D:8      | Noticed a boulder beetle
 11953 | D:8      | Found a flagged portal.
 11962 | Bailey   | Entered a bailey
 11962 | Bailey   | Noticed an orc knight
 11962 | Bailey   | Noticed an orc knight
 11962 | Bailey   | Noticed an orc knight
 12749 | D:7      | Killed Crazy Yiuf
 13167 | D:8      | Mangled by a boulder beetle

Illustrated notes

Levels and vault maps discovered:
D:1:      arrival_zaba_pyramid, layout_basic, shapermc_ecumenical_altar_petra,
          minmay_cupped
D:2:      layout_loops_ring, kennysheep_generic_room_7
D:3:      layout_basic, serial_bayou_lagoon_a, uniq_robin
D:4:      layout_cave_pools, nicolae_overflow_hidden_temple, tso_oasis_becter,
          vehumet_crystals, kennysheep_opposing_triangles
D:5:      cheibrodos_fertilizer, layout_cave_pods, old_standard_altar,
          minmay_door_square, kennysheep_generic_room_10
D:6:      kennysheep_big_flooded_room, layout_loops_ring,
          mainiacjoe_overflow_alcove_2, minmay_temple_entry_mist
D:7:      layout_cave_pods, grunt_dithmenos_shadows, minmay_gold_behind_fungi,
          mrwooster_statue_mirror, uniq_crazy_yiuf_cottage
D:8:      layout_rooms, minitemple, mainiacjoe_overflow_tiny_flanked,
          mainiacjoe_overflow_paths, dpeg_lair_monsters, enter_bailey_6,
          kennysheep_boxes

Skill      XL: |  1  2  3  4  5  6  7  8  9 |
---------------+----------------------------+-----
Short Blades   | 3 4 5 6 7 9 10 | 10.4
Armour         | 3 8 |  8.3
Fighting       | |  2.0
Throwing       | |  1.7
Dodging        | |  2.6

Action                   |  1- 3 |  4- 6 |  7- 9 || total
-------------------------+-------+-------+-------++-------
Melee: Rapier            |   107 |   132 |   344 ||   583
 Fire: Shortbow          |       |       |    28 ||    28
Throw: Javelin           |       |    19 |     7 ||    26
       Dart              |       |       |     6 ||     6
Invok: Whirlwind         |    10 |     6 |    23 ||    39
       Lunge             |     7 |    11 |    13 ||    31
  Use: Scroll            |     4 |     3 |    13 ||    20
       Potion            |       |     3 |     8 ||    11
 Stab: Distracted        |       |     1 |       ||     1
       Invisible         |       |       |     8 ||     8
Armor: Leather armour    |    29 |       |       ||    29
       Chain mail        |     4 |    68 |   159 ||   231
Dodge: Dodged            |    61 |    34 |   107 ||   202
Block: Other             |       |     5 |    61 ||    66
       Reflection        |       |     1 |     2 ||     3

Table legend: (Time is in decaauts)
 A = Elapsed time spent in this place.
 B = Non-inter-level travel time spent in this place.
 C = Inter-level travel time spent in this place.
 D = Time resting spent in this place.
 E = Time spent auto-exploring this place.
 F = Levels seen in this place.
 G = Mean time per level.
                   A        B        C        D        E       F      G
               +--------+--------+--------+--------+--------+-----+--------+
         Total |  13082 |  12684 |    398 |   6284 |   4293 |   9 | 1453.6 |
       Dungeon |  13074 |  12676 |    398 |   6284 |   4293 |   8 | 1634.2 |
        Bailey |      7 |      7 |      0 |      0 |      0 |   1 |    7.0 |
               +--------+--------+--------+--------+--------+-----+--------+

Top non-repeatable levels by time:
     D:4: 3363 daAuts
     D:5: 2617 daAuts
     D:7: 2462 daAuts
     D:3: 1225 daAuts
     D:2: 1175 daAuts
     D:1: 894 daAuts
     D:6: 826 daAuts
     D:8: 508 daAuts
  Bailey: 7 daAuts
